 Dungeon Crawl Stone Soup version 0.28-a0-1365-g7e0445c96d (webtiles) character file.

Game seed: 391461242460119858

264523 Peloso the Minotaur Blade (level 19, -3/189 (190) HPs)
             Began as a Minotaur Fighter on Dec 29, 2021.
             Was the Champion of Okawaru.
             Slain by a wolf spider (8 damage)
             ... on level 3 of the Spider Nest on Dec 31, 2021.
             The game lasted 02:07:42 (49658 turns).

Peloso the Minotaur Blade (Minotaur Fighter)       Turns: 49658, Time: 02:07:44

HP:   -3/189 (190)  AC: 33    Str: 39    XL:     19   Next: 66%
MP:   18/18         EV: 13    Int:  1    God:    Okawaru [******]
Gold: 3955          SH: 13    Dex: 17    Spells: 18/18 levels left

rFire   + . .      SeeInvis .   b - +4 double sword (spect)
rCold   . . .      Faith    +   c - +3 buckler {reflect}
rNeg    . . .      Spirit   .   K - +9 plate armour "Qiedalidd" {rPois Str+7}
rPois   +          Reflect  +   (helmet restricted)
rElec   .          Harm     .   D - +2 cloak {Will+}
rCorr   +          Rampage  .   (no gloves)
Will    +++..                   o - +0 pair of boots
Stlth   ..........              Q - amulet of faith
HPRegen 0.41/turn               m - +6 ring of strength
MPRegen 0.16/turn               r - ring "Vuhul" {rF+ Will+ rCorr Int-4 Dex+4}

@: lethally poisoned (-3 -> -20), marked, slowed, lightly drained, very slow
A: horns 2, retaliatory headbutt
}: 1/15 runes: barnacled
a: Renounce Religion, Heroism, Finesse, Duel


You were on level 3 of the Spider Nest.
You worshipped Okawaru.
Okawaru was exalted by your worship.
You visited 7 branches of the dungeon, and saw 34 of its levels.
You also visited: Sewer, Ossuary, Bailey, Ice Cave and Volcano.

You collected 5584 gold pieces.
You spent 1629 gold pieces at shops.

Inventory:

Hand Weapons
 a - the +4 falchion "Irhuthru" {freeze, rF+ rN+}
   (You found it on level 8 of the Dungeon)

   It freezes those it strikes, dealing additional cold damage.
   It can also slow down cold-blooded creatures.
   rF:        It protects you from fire.
   rN:        It protects you from negative energy.
 b - a +4 spectral double sword (weapon)
 y - a +3 scimitar of flaming
Armour
 c - a +3 buckler of reflection (worn)
 i - a scarf of resistance
 o - a +0 pair of boots (worn)
 D - a +2 cloak of willpower (worn)
 K - the +9 plate armour "Qiedalidd" (worn) {rPois Str+7}
   (You bought it in a shop on level 2 of the Dungeon)

   Str:       It affects your strength (+7).
   rPois:     It protects you from poison.
Jewellery
 f - a ring of flight
 g - a ring of protection from cold
 h - a ring of protection from cold
 k - a ring of fire
 m - a +6 ring of strength (left hand)
 r - the ring "Vuhul" (right hand) {rF+ Will+ rCorr Int-4 Dex+4}
   (You acquired it in a volcano)

   [ring of protection from fire]

   Int:       It affects your intelligence (-4).
   Dex:       It affects your dexterity (+4).
   rF:        It protects you from fire.
   rCorr:     It protects you from acid and corrosion.
   Will:      It increases your willpower.
 C - a ring of see invisible
 H - a ring of protection from cold
 Q - an amulet of faith (around neck)
Wands
 d - a wand of flame (14)
 v - a wand of digging (4)
Scrolls
 e - 13 scrolls of identify
 l - 4 scrolls of magic mapping
 n - a scroll of enchant armour
 p - 2 scrolls of acquirement
 s - a scroll of amnesia
 t - 5 scrolls of noise
 G - 11 scrolls of blinking
 N - 2 scrolls of fear
 R - 7 scrolls of teleportation
 Y - 3 scrolls of immolation
Potions
 j - 4 potions of mutation
 q - 3 potions of heal wounds
 u - 11 potions of haste
 z - a potion of might
 A - 11 potions of curing
 B - 4 potions of berserk rage
 O - a potion of resistance


   Skills:
 + Level 21.6 Fighting
 + Level 22.9 Long Blades
 + Level 1.7 Axes
 + Level 19.5 Armour
 + Level 6.5 Dodging
 + Level 6.4 Stealth
 + Level 20.1 Shields
 + Level 1.2 Invocations
 + Level 1.7 Evocations


You had 18 spell levels left.
You didn't know any spells.
Your spell library contained the following spells:

 Spells                   Type           Power      Damage    Failure   Level
 Apportation              Tloc           0%         N/A       91%         1
 Beastly Appendage        Tmut           0%         N/A       91%         1
 Freeze                   Ice            0%         1d3       91%         1
 Sandblast                Erth           0%         2d4       91%         1
 Shock                    Conj/Air       0%         1d3       91%         1
 Sting                    Tmut/Pois      0%         1d3       91%         1
 Blink                    Tloc           0%         N/A       97%         2
 Corpse Rot               Necr/Air       0%         N/A       97%         2
 Poisonous Vapours        Pois/Air       0%         N/A       97%         2
 Static Discharge         Conj/Air       0%         N/A       97%         2
 Wereblood                Tmut           0%         N/A       97%         2
 Dazzling Flash           Conj/Hex       0%         N/A       100%        3
 Frozen Ramparts          Ice            0%         1d2       100%        3
 Ignite Poison            Fire/Tmut/Pois 0%         N/A       100%        3
 Inner Flame              Hex/Fire       0%         N/A       100%        3
 Lesser Beckoning         Tloc           0%         N/A       100%        3
 Ozocubu's Armour         Ice            0%         N/A       100%        3
 Portal Projectile        Hex/Tloc       0%         N/A       100%        3
 Spider Form              Tmut/Pois      0%         N/A       100%        3
 Stone Arrow              Conj/Erth      0%         3d7       100%        3
 Swiftness                Air            0%         N/A       100%        3
 Airstrike                Air            0%         N/A       100%        4
 Cause Fear               Hex            0%         N/A       100%        4
 Dispel Undead            Necr           0%         3d6       100%        4
 Ice Form                 Ice/Tmut       0%         N/A       100%        4
 Leda's Liquefaction      Hex/Erth       0%         N/A       100%        4
 Olgreb's Toxic Radiance  Pois           0%         N/A       100%        4
 Petrify                  Tmut/Erth      0%         N/A       100%        4
 Sticky Flame             Conj/Fire      0%         2d3       100%        4
 Agony                    Necr           0%         N/A       100%        5
 Alistair's Intoxication  Tmut/Pois      0%         N/A       100%        5
 Lee's Rapid Deconstruct  Erth           0%         3d5*      100%        5
 Manifold Assault         Tloc           0%         N/A       100%        5
 Metabolic Englaciation   Hex/Ice        0%         N/A       100%        5
 Silence                  Hex/Air        0%         N/A       100%        5
 Statue Form              Tmut/Erth      0%         N/A       100%        6
 Ozocubu's Refrigeration  Ice            0%         4d5       100%        7
 Discord                  Hex            0%         N/A       100%        8
 Lehudib's Crystal Spear  Conj/Erth      0%         10d2      100%        8
 Summon Small Mammal      Summ           Unusable   N/A       N/A         1
 Call Canine Familiar     Summ           Unusable   N/A       N/A         3
 Summon Guardian Golem    Hex/Summ       Unusable   N/A       N/A         3
 Animate Armour           Summ/Erth      Unusable   N/A       N/A         4
 Summon Ice Beast         Ice/Summ       Unusable   N/A       N/A         4
 Simulacrum               Ice/Necr       Unusable   N/A       N/A         6

Dungeon Overview and Level Annotations

Branches:
Dungeon (15/15)            Temple (1/1) D:5            Lair (6/6) D:10
 Shoals (4/4) Lair:3       Spider (3/4) Lair:4        Slime (0/5) Lair:6
    Orc (2/2) D:9             Elf (3/3) Orc:2        Vaults (0/5) D:13
 Depths (0/4) D:15          Sewer (visited)         Ossuary (visited)
 Bailey (visited)           IceCv (visited)         Volcano (visited)

Altars:
Ashenzari
Cheibriados
Dithmenos
Elyvilon
Fedhas
Gozag
Hepliaklqana
Kikubaaqudgha
Makhleb
Nemelex Xobeh
Okawaru
Qazlal
Ru
Sif Muna
Trog
Uskayaw
Vehumet
Wu Jian
Xom
Yredelemnul
Zin
The Shining One

Shops:
D:2 [   D:6 [   D:9 *   D:13 (   Orc:2 [?=(   Elf:1 *   Shoals:2 :   Shoals:4 *

Annotations:
D:11 Casa
Elf:2 3 runed translucent doors


Innate Abilities, Weirdness & Mutations

You have a pair of horns on your head.
You reflexively headbutt those who attack you in melee.


Message History

The jumping spider looks frightened!
The wolf spider misses you.
The wolf spider bites you but does no damage.
The jumping spider leaps! x2
A meliai comes into view. It is wielding a +0 war axe.
The wolf spider barely misses you. x2; You block the wolf spider's attack. x2
The jumping spider leaps!
The pharaoh ant bites you but does no damage.
The jumping spider leaps! x2
The wolf spider hits you but does no damage.
The wolf spider bites you but does no damage.
The wolf spider closely misses you. The wolf spider bites you.
You are poisoned.
The wolf spider poisons you!
The jumping spider leaps!
The pharaoh ant barely misses you. The wolf spider barely misses you.
The wolf spider bites you but does no damage.
You feel extremely sick.
The tarantella's soul is no longer bound.
You block the wolf spider's attack. The wolf spider bites you.
* * * LOW HITPOINT WARNING * * *
You block the wolf spider's attack. The wolf spider misses you.
The wolf spider barely misses you. You furiously retaliate!
You headbutt the wolf spider!!
The wolf spider bites you but does no damage.
A meliai comes into view. It is wielding a +0 war axe.
The jumping spider leaps!
You block the wolf spider's attack. The wolf spider bites you!
* * * LOW HITPOINT WARNING * * *
The pharaoh ant bites you but does no damage.
The wolf spider hits you but does no damage.
The wolf spider bites you but does no damage.
The wolf spider closely misses you. The wolf spider barely misses you.
A meliai comes into view. It is wielding a +0 war axe.
The jumping spider leaps!
The wolf spider hits you.
* * * LOW HITPOINT WARNING * * *
The wolf spider closely misses you. The pharaoh ant misses you.
The meliai mumbles some strange prayers to its god against you.
Something smites you!
* * * LOW HITPOINT WARNING * * *
The wolf spider hits you!
You die...

.^............w......
#..^.........s.......
.....................
○....................
..........°°.........
........w............
..°.....sB.y..y......
.......@ssyZ.ys..^s..
.......sBs...........
.........y...........
#......†.°^..........
##............s......
#.........ys.s....°.
#.........^..........
######.#.............
###.........


You could see 2 steelbarb worms, 2 spark wasps, 5 wolf spiders, a moth of wrath
(soul bound), 2 pharaoh ants, 2 jumping spiders, a tarantella (berserk, soul
bound), 2 redbacks, 3 meliai and a culicivora simulacrum.

Vanquished Creatures
  Mlioglotl (Shoals:3)
  2 deep elf master archers (Elf:3)
  2 deep elf blademasters (Elf:3)
  4 sphinxes (Elf:2)
  Kirke (D:15)
  Roxanne (Shoals:1)
  4 deep elf sorcerers
  Louise (Shoals:3)
  5 deep elf elementalists (Elf:3)
  A broodmother (Spider:1)
  A stone giant (D:15)
  The ghost of DoubleLucky the Grappler, a journeyman TrFi of Qazlal (Lair:4)
  8 deep elf demonologists
  2 entropy weavers
  A minotaur (Lair:4)
  5 deep elf annihilators
  A white draconian (IceCv)
  4 spark wasps (Spider:1)
  Azrael (D:13)
  11 deep elf death magi
  6 merfolk javelineers
  Harold (D:9)
  10 merfolk impalers
  2 deep elf high priests (Elf:3)
  8 vault guards (D:13)
  23 hydras
  8 boulder beetles
  3 catoblepae
  6 ogre magi
  Erolcha (Orc:2)
  7 merfolk avatars
  2 alligator snapping turtles
  8 centaur warriors
  A jorogumo (Spider:1)
  27 two-headed ogres
  11 dancing weapons
  2 satyrs
  A deep troll shaman (Lair:6)
  4 merfolk aquamancers (Shoals:4)
  3 death yaks (Lair:6)
  7 tengu warriors
  An orc high priest (Orc:2)
  Sonja (D:11)
  Nergalle (Lair:3)
  7 deep elf knights
  Urug (Orc:2)
  2 pharaoh ants
  3 skeletal warriors (D:13)
  7 sea snakes
  A death drake (shapeshifter) (D:13)
  4 steelbarb worms
  3 orb spiders
  11 deep elf archers
  26 deep elf zephyrmancers
  6 wizards
  2 lindwurms (Lair:6)
  27 deep elf pyromancers
  12 harpies
  2 orc sorcerers
  10 wolf spiders
  23 ugly things
  11 fauns
  20 cyclopes
  24 manticores
  4 moths of wrath
  7 oklob plants
  A black mamba (shapeshifter) (D:13)
  A water nymph (Shoals:4)
  6 merfolk sirens
  2 ice statues (IceCv)
  Maurice (D:8)
  15 elephants
  7 black mambas
  5 toenail golems (Volcano)
  Maggie (D:8)
  10 cane toads
  20 komodo dragons
  A torpor snail (Spider:2)
  2 gargoyles
  3 demonic crawlers
  An unseen horror (shapeshifter) (Elf:1)
  Psyche (D:8)
  10 rime drakes
  4 efreet
  2 kobold demonologists
  4 tengu conjurers
  7 trolls
  9 wind drakes
  30 merfolk
  A hornet (shapeshifter) (D:13)
  Prince Ribbit (D:8)
  6 polar bears
  3 meliai (Spider:2)
  14 tarantellas
  9 blink frogs
  A hornet (D:8)
  A slime creature (D:14)
  17 dream sheep
  5 snapping turtles
  17 jumping spiders
  A centaur simulacrum (D:13)
  Sigmund (D:3)
  A vampire (D:13)
  2 air elementals (Elf:2)
  17 culicivoras
  2 wraiths (D:13)
  4 spriggans (Bailey)
  2 shadows
  2 water elementals
  6 fire elementals
  6 wyverns
  14 basilisks
  27 yaks
  2 hogs (D:15)
  35 redbacks
  A steam dragon (D:8)
  9 vampire mosquitoes
  Grum (Lair:1)
  3 wargs (Orc:2)
  Edmund (D:5)
  An acid dragon (Bailey)
  19 water moccasins
  6 hell hounds
  An ice beast (D:7)
  26 orc warriors
  A sky beast (D:6)
  8 black bears
  A necrophage (D:5)
  A boggart (Elf:1)
  43 ogres
  45 wolves
  11 centaurs
  A phantom (D:4)
  8 kobold brigands
  Blork the orc (D:6)
  10 bullfrogs
  3 scorpions
  An earth elemental (Elf:1)
  6 water moccasin zombies (Ossuary)
  A water moccasin skeleton (D:5)
  3 lindwurm simulacra (IceCv)
  3 vampire bats (Orc:1)
  8 wights
  2 electric eels
  5 centaur zombies
  9 komodo dragon simulacra (IceCv)
  A centaur skeleton (D:7)
  A jelly (D:8)
  A gnoll shaman (D:9)
  15 orc priests
  2 hounds
  4 iguanas
  A bullfrog skeleton (D:6)
  Natasha (thrice) (D:3)
  13 hell rats
  28 orc wizards
  Robin (D:4)
  3 mummies
  5 acid dragon simulacra (IceCv)
  9 gnolls
  A howler monkey skeleton (D:4)
  7 adders
  A shadow imp (D:8)
  14 white imps
  An ufetubus (D:5)
  4 steam dragon simulacra (IceCv)
  2 adder skeletons
  3 adder zombies (Ossuary)
  3 worms
  88 orcs
  7 bats
  3 endoplasms
  5 giant cockroaches
  A gnoll zombie (Ossuary)
  27 goblins
  12 hobgoblins
  9 jackals
  13 kobolds
  4 quokkas
  5 ball pythons
  5 frilled lizards
  6 hobgoblin zombies (Ossuary)
  8 kobold zombies (Ossuary)
  3 orc zombies
  18 rats
1330 creatures vanquished.

Vanquished Creatures (others)
  A two-headed ogre (D:15)
  A deep elf archer (Elf:1)
  A manticore (Elf:2)
  5 humans (D:15)
  A water moccasin (D:6)
  23 fungi
  89 plants
121 creatures vanquished.

Grand Total: 1451 creatures vanquished

Notes
Turn   | Place    | Note
-------+----------+-------------------------------------------
     0 | D:1      | Peloso the Minotaur Fighter began the quest for the Orb.
     0 | D:1      | Reached XP level 1. HP: 19/19 MP: 0/0
   159 | D:1      | Found a faded altar of an unknown god.
   227 | D:1      | Reached XP level 2. HP: 22/27 MP: 1/1
   800 | D:1      | Found a basalt altar of Yredelemnul.
   947 | D:2      | Reached skill level 3 in Long Blades
   947 | D:2      | Reached XP level 3. HP: 33/33 MP: 2/2
  1408 | D:2      | Found Wuysof's Antique Armour Shop.
  1905 | D:3      | Found a radiant altar of Vehumet.
  1944 | D:3      | Reached skill level 1 in Dodging
  1944 | D:3      | Reached XP level 4. HP: 40/40 MP: 3/3
  1986 | D:3      | Noticed Natasha
  1986 | D:3      | Noticed Sigmund
  2008 | D:3      | Killed Natasha
  2009 | D:3      | Reached skill level 4 in Long Blades
  2343 | D:3      | Reached XP level 5. HP: 23/46 MP: 4/4
  2708 | D:3      | Killed Sigmund
  2709 | D:3      | Reached skill level 5 in Long Blades
  2709 | D:3      | Reached skill level 5 in Armour
  2709 | D:3      | Reached XP level 6. HP: 21/53 MP: 5/5
  3150 | D:3      | Noticed Natasha
  3155 | D:3      | Killed Natasha
  3170 | D:3      | Noticed Natasha
  3176 | D:3      | Killed Natasha
  3371 | D:4      | Reached skill level 6 in Long Blades
  3530 | D:4      | Reached XP level 7. HP: 55/60 MP: 6/6
  3611 | D:4      | Noticed Robin
  3634 | D:4      | Killed Robin
  3635 | D:4      | Found a bloodstained altar of Trog.
  3765 | D:4      | Identified a scroll of acquirement
  3765 | D:4      | Acquired a +3 double sword of holy wrath
  3951 | D:4      | Reached skill level 5 in Fighting
  3991 | D:4      | Found a glowing drain.
  3995 | Sewer    | Entered a sewer
  4075 | Sewer    | Reached skill level 7 in Long Blades
  4180 | Sewer    | Found a white marble altar of Elyvilon.
  4512 | D:5      | Entered Level 5 of the Dungeon
  4555 | D:5      | Noticed Edmund
  4562 | D:5      | Killed Edmund
  4717 | D:5      | Reached skill level 8 in Long Blades
  4726 | D:5      | Found a staircase to the Ecumenical Temple.
  4738 | D:5      | Reached XP level 8. HP: 63/68 MP: 7/7
  4747 | Temple   | Entered the Ecumenical Temple
  5536 | D:5      | Found an ancient bone altar of Kikubaaqudgha.
  5783 | D:6      | Reached skill level 9 in Long Blades
  5887 | D:6      | Noticed Blork the orc
  5893 | D:6      | Killed Blork the orc
  5905 | D:6      | Found a sand-covered staircase.
  6029 | Ossuary  | Entered an ossuary
  6148 | Ossuary  | Reached skill level 10 in Long Blades
  6193 | Ossuary  | Reached skill level 5 in Shields
  6326 | D:6      | Found Abremetu's Antique Armour Boutique.
  6335 | D:6      | Reached XP level 9. HP: 61/78 MP: 8/8
  7059 | D:7      | Reached skill level 11 in Long Blades
  7367 | D:7      | Reached skill level 1 in Stealth
  7991 | D:8      | Noticed Psyche
  7995 | D:8      | Killed Psyche
  7998 | D:8      | Reached skill level 12 in Long Blades
  7998 | D:8      | Reached XP level 10. HP: 86/90 MP: 9/9
  8031 | D:8      | Noticed Maurice
  8032 | D:8      | Noticed Prince Ribbit
  8044 | D:8      | Killed Maurice
  8053 | D:8      | Killed Prince Ribbit
  8514 | D:8      | Noticed a two-headed ogre
  8515 | D:8      | Noticed a two-headed ogre
  8516 | D:8      | Identified the +9 chain mail of Idasch {rElec rPois rF+
                  | Str-2}
  8536 | D:8      | Killed a two-headed ogre
  8541 | D:8      | Killed a two-headed ogre
  8542 | D:8      | Reached skill level 13 in Long Blades
  8542 | D:8      | Reached skill level 1 in Evocations
  8906 | D:8      | Noticed Maggie
  8909 | D:8      | Killed Maggie
  8970 | D:8      | Identified the +4 falchion "Irhuthru" {freeze, rF+ rN+}
  9119 | D:8      | Found a snail-covered altar of Cheibriados.
  9136 | D:8      | Found an iron altar of Okawaru.
  9138 | D:8      | Found a shimmering altar of Xom.
  9138 | D:8      | Found a burning altar of Makhleb.
  9138 | D:8      | Found a broken altar of Ashenzari.
  9138 | D:8      | Found a sparkling altar of Nemelex Xobeh.
  9139 | D:8      | Found a glowing golden altar of the Shining One.
  9375 | D:9      | Noticed a two-headed ogre
  9385 | D:9      | Killed a two-headed ogre
  9386 | D:9      | Reached XP level 11. HP: 91/99 MP: 10/10
  9571 | D:9      | Found Asoullei's Assorted Antiques.
  9583 | D:9      | Noticed Harold
  9597 | D:9      | Killed Harold
  9598 | D:9      | Reached skill level 14 in Long Blades
  9693 | D:9      | Found a staircase to the Orcish Mines.
 10106 | D:2      | Bought a pitted cloak for 275 gold pieces
 10106 | D:2      | Identified the +0 cloak "Nyhahypt" {+Inv rCorr Str-4
                  | Slay+5} (You bought it in a shop on level 2 of the Dungeon)
 10263 | Orc:1    | Entered Level 1 of the Orcish Mines
 10318 | Orc:1    | Reached skill level 10 in Fighting
 10615 | Orc:1    | Noticed an ogre mage
 10615 | Orc:1    | Noticed a two-headed ogre
 10623 | Orc:1    | Killed a two-headed ogre
 10633 | Orc:1    | Killed an ogre mage
 10763 | Orc:2    | Entered Level 2 of the Orcish Mines
 10800 | Orc:2    | Found a staircase to the Elven Halls.
 10833 | Orc:2    | Reached skill level 10 in Armour
 11014 | Orc:1    | Noticed an orc sorcerer
 11021 | Orc:1    | Noticed a soul eater
 11022 | Orc:1    | Killed an orc sorcerer
 11141 | Orc:2    | Reached skill level 15 in Long Blades
 11154 | Orc:2    | Noticed an orc high priest
 11173 | Orc:2    | Killed an orc high priest
 11634 | D:2      | Bought a jasper-encrusted plate armour for 812 gold pieces
 11634 | D:2      | Identified the +9 plate armour "Qiedalidd" {rPois Str+7}
                  | (You bought it in a shop on level 2 of the Dungeon)
 11893 | D:10     | Entered Level 10 of the Dungeon
 11945 | D:10     | Reached XP level 12. HP: 108/108 MP: 11/11
 11975 | D:10     | Found a flagged portal.
 11984 | D:10     | Reached skill level 10 in Shields
 11988 | Bailey   | Entered a bailey
 12147 | Bailey   | Noticed a two-headed ogre
 12152 | Bailey   | Killed a two-headed ogre
 12523 | D:10     | Reached skill level 16 in Long Blades
 12674 | D:10     | Found a staircase to the Lair.
 12820 | D:10     | Noticed a five-headed hydra
 12828 | D:10     | Killed a two-headed hydra
 12932 | Lair:1   | Entered Level 1 of the Lair of Beasts
 12936 | Lair:1   | Noticed Grum
 12938 | Lair:1   | Found a frozen archway.
 12950 | Lair:1   | Reached skill level 1 in Axes
 12994 | Lair:1   | Killed Grum
 13202 | IceCv    | Entered an ice cave
 13317 | IceCv    | Reached skill level 5 in Dodging
 13586 | IceCv    | Noticed a white draconian
 13610 | IceCv    | Killed a white draconian
 13655 | IceCv    | Identified the ring of Fykots {Ice rElec}
 14079 | Lair:1   | Reached XP level 13. HP: 118/118 MP: 12/12
 14666 | D:6      | Bought a spiked plate armour for 476 gold pieces
 14666 | D:6      | Identified the +0 plate armour of the Known World {SInv}
                  | (You bought it in a shop on level 6 of the Dungeon)
 15386 | Lair:2   | Identified the +2 chain mail of Patterns {Fly Int-5 Dex+10}
 15456 | Lair:2   | Reached skill level 17 in Long Blades
 15949 | D:11     | Noticed Sonja
 15953 | D:11     | Killed Sonja
 17815 | Lair:3   | Found a dark tunnel.
 17822 | Volcano  | Entered a volcano
 18025 | Volcano  | Acquired the ring "Vuhul" {rF+ Will+ rCorr Int-4 Dex+4}
 18027 | Volcano  | Acquired the +7 crystal plate armour "Degyg" {rN++ Will+
                  | Int+2 Dex-4}
 18029 | Volcano  | Acquired 649 gold pieces
 18427 | Lair:3   | Noticed Nergalle
 18447 | Lair:3   | Reached XP level 14. HP: 57/128 MP: 13/13
 18454 | Lair:3   | Killed Nergalle
 18462 | Lair:3   | Found a staircase to the Shoals.
 18865 | Lair:3   | Found a blossoming altar of Fedhas.
 19992 | Lair:3   | Identified the +3 plate armour of the Storm King {Int+4
                  | Stlth+}
 20253 | Orc:2    | Noticed Urug
 20289 | Orc:2    | Killed Urug
 20511 | Orc:2    | Reached skill level 18 in Long Blades
 20529 | Orc:2    | Noticed Erolcha
 20535 | Orc:2    | Killed Erolcha
 20570 | Orc:2    | Found Cogeomp's Antique Weapon Boutique.
 20570 | Orc:2    | Found Buyz's Magic Scroll Shoppe.
 20571 | Orc:2    | Found Jurro's Jewellery Shoppe.
 20571 | Orc:2    | Found Rajudeapt's Antique Armour Shop.
 20618 | Orc:2    | Reached skill level 15 in Fighting
 21282 | Elf:1    | Entered Level 1 of the Elven Halls
 21544 | D:13     | Noticed Azrael
 21552 | D:13     | Killed Azrael
 21806 | D:13     | Reached XP level 15. HP: 69/141 MP: 14/14
 22663 | D:13     | Reached skill level 15 in Shields
 23124 | D:13     | Found a gate to the Vaults.
 23299 | D:13     | Found Zoatiho's Weapon Shop.
 23307 | D:13     | Reached skill level 15 in Armour
 23460 | D:14     | Reached skill level 19 in Long Blades
 24170 | D:15     | Entered Level 15 of the Dungeon
 24224 | D:15     | Noticed Kirke
 24310 | D:15     | HP: 4/145 [tengu warrior/bolt (24)]
 24698 | D:15     | Killed Kirke
 24754 | D:15     | Reached XP level 16. HP: 90/154 MP: 15/15
 25205 | D:15     | Found a staircase to the Depths.
 25386 | D:15     | Found a shimmering blue altar of Sif Muna.
 25401 | D:15     | Got Sif Muna's Catalogue of the Frostbite
 25980 | Lair:4   | Noticed DoubleLucky's ghost (journeyman TrFi)
 26000 | Lair:4   | Found a runed translucent gate.
 26000 | Lair:4   | Found a runed translucent gate.
 26000 | Lair:4   | Found a runed translucent gate.
 26116 | Lair:4   | Found a hole to the Spider Nest.
 26313 | Lair:4   | You are sucked into a shaft and drop 1 floor!
 26876 | Lair:4   | Found an ornate altar of the Wu Jian Council.
 27026 | Lair:4   | Reached skill level 20 in Long Blades
 27296 | Lair:4   | Killed DoubleLucky's ghost
 28077 | Lair:6   | Entered Level 6 of the Lair of Beasts
 28875 | Lair:6   | Found a staircase to the Slime Pits.
 29521 | D:8      | Became a worshipper of Warmaster Okawaru
 30361 | Lair:6   | Upgraded the game from 0.28-a0-1344-g6b9ff3a05d to
                  | 0.28-a0-1365-g7e0445c96d
 31217 | Elf:1    | Reached skill level 5 in Stealth
 31237 | Elf:1    | Reached * piety under Okawaru
 31305 | Elf:1    | Reached XP level 17. HP: 58/165 MP: 16/16
 31561 | Elf:1    | Reached ** piety under Okawaru
 31753 | Elf:1    | Identified the +3 trident of the Distant Future {holy,
                  | Str+2}
 31809 | Elf:1    | Found Leemacza's Overcharged Wands.
 32075 | Elf:1    | Identified the +4 scale mail of Bedevilment {rPois rF-
                  | Dex+3}
 32484 | Elf:2    | Identified the +1 short sword "Hadoakk" {venom, SInv}
 32552 | Elf:2    | Reached *** piety under Okawaru
 32641 | Elf:2    | Reached **** piety under Okawaru
 33061 | Elf:2    | Reached skill level 21 in Long Blades
 33070 | Elf:2    | Reached ***** piety under Okawaru
 33152 | Elf:2    | Found a runed translucent gate.
 33153 | Elf:2    | Found a runed translucent gate.
 33153 | Elf:2    | Found a runed translucent gate.
 33167 | Elf:2    | Paralysed by an air elemental for 1 turns
 33608 | Elf:2    | Paralysed by an air elemental for 1 turns
 33618 | Elf:2    | Received a gift from Okawaru
 35064 | Elf:3    | Entered Level 3 of the Elven Halls
 35301 | Shoals:1 | Entered Level 1 of the Shoals
 35358 | Shoals:1 | Identified Roxanne's Guide on Clay
 35358 | Shoals:1 | Noticed Roxanne
 36363 | Shoals:1 | Killed Roxanne
 36697 | Shoals:2 | Found Mapyrgh's Book Shoppe.
 37031 | Shoals:2 | Reached ****** piety under Okawaru
 37316 | Shoals:2 | Reached XP level 18. HP: 134/176 MP: 17/17
 37317 | Shoals:2 | Identified the +2 robe of Okawaru's Pride {rPois Str+5}
                  | (Okawaru gifted it to you on level 2 of the Shoals)
 37317 | Shoals:2 | Received a gift from Okawaru
 38042 | Shoals:3 | Noticed Mlioglotl
 38052 | Shoals:3 | Killed Mlioglotl
 39098 | Shoals:3 | Noticed Louise
 39106 | Shoals:3 | Killed Louise
 39634 | Shoals:4 | Entered Level 4 of the Shoals
 40429 | Shoals:4 | Found the +1 cloak of Starlight {*Dazzle EV+4 Stlth--}
 40713 | Shoals:4 | Identified the +5 long sword "Riohuink" {protect, MP-9
                  | Str+6 SInv Stlth+} (Okawaru gifted it to you on level 4 of
                  | the Shoals)
 40713 | Shoals:4 | Received a gift from Okawaru
 40717 | Shoals:4 | Identified the +2 rapier of Yrerrass {freeze, rElec rPois
                  | Will+ MP-9}
 40883 | Shoals:4 | Reached skill level 22 in Long Blades
 41391 | Shoals:4 | Got a barnacled rune of Zot
 41433 | Shoals:4 | Found Molaohuw's Merry Market.
 41488 | Shoals:4 | Bought a scroll of magic mapping for 66 gold pieces
 41610 | Shoals:4 | Identified the +2 mace of Defiance {vorpal, Will+ rCorr
                  | Dex+3}
 41915 | Shoals:4 | Identified the +1 chain mail "Kelelebo" {rPois rF- Regen+
                  | Int+4}
 44373 | Elf:3    | Received a gift from Okawaru
 45482 | Elf:3    | Identified the +8 flail of Beyond {flame, rCorr Stlth+}
 45619 | Elf:3    | Identified the +2 hand axe "With Two Names" {freeze, rF+
                  | Str+3}
 45644 | Elf:3    | Reached XP level 19. HP: 179/187 MP: 18/18
 46122 | Elf:3    | Identified the +8 mace of War {flame, Will- rCorr Str+4}
 46195 | Elf:3    | Reached skill level 1 in Invocations
 46596 | Elf:3    | Identified the +10 shortbow "Hekhlef" {venom, rElec rC+ rN+
                  | Int-3}
 46610 | Elf:3    | Identified the +1 hand axe of Gehenna {vorpal, Drain Str+6
                  | Int+5}
 46632 | Elf:3    | Got the Collected Works on the Feathery Blaze
 47198 | Spider:1 | Entered Level 1 of the Spider Nest
 47381 | Spider:1 | Identified the +3 scale mail "Fiserghei" {rElec} (Okawaru
                  | gifted it to you on level 1 of the Spider Nest)
 47381 | Spider:1 | Received a gift from Okawaru
 48818 | Spider:2 | Identified the +9 war axe of the Undead {vorpal, Dex+4
                  | Stlth+}
 49327 | Spider:2 | Received a gift from Okawaru
 49658 | Spider:3 | HP: 5/189 [meliai/divine providence (16)]
 49658 | Spider:3 | Slain by a wolf spider

Illustrated notes

Levels and vault maps discovered:
D:1:      dpeg_arrival_water_altar, layout_basic,
          chequers_ecumenical_altar_lobes
D:2:      layout_basic, serial_shops, shop, nicolae_figureground_sparkle
D:3:      layout_basic, lemuel_tele_altar, uniq_natasha, uniq_sigmund
D:4:      cheibrodos_greedy_goblins, layout_loops_ring, bloody_trog,
          gup_sewer_entry_spiral, kennysheep_big_empty_room, uniq_robin
D:5:      layout_layer_cave, lemuel_doored_altar, temple_pool_b,
          nicolae_fountain_basement, uniq_edmund
D:6:      layout_rooms, nicolae_ossuary_entry_giza, serial_shops, shop_statue,
          lemuel_flamethrower_2, uniq_blork_the_orc
D:7:      layout_rooms, grunt_ministairs_4, minmay_crystal_room
D:8:      layout_cave_pools, grunt_temple_overflow_open, minmay_joined_circles,
          uniq_maggie, uniq_psyche, uniq_maurice, uniq_prince_ribbit1
D:9:      layout_roguey, david_orc_2, serial_shops, shop, kennysheep_dice,
          uniq_harold
D:10:     layout_roguey, lair_entry_dummy, enter_bailey_2
D:11:     layout_long_grid, uniq_sonja
D:12:     layout_basic, minmay_lizard_king
D:13:     minmay_the_grid_3x2 [minmay_the_grid_minigrid_small,
          minmay_the_grid_box_x, minmay_the_grid_tree, minmay_the_grid_embedded,
          minmay_the_grid_plusring, minmay_the_grid_prize_four_corners],
          layout_long_grid, erik_vaults_2, serial_shops,
          nicolae_shop_bloodbath_and_beyond, uniq_azrael
D:14:     layout_big_octagon, minmay_misc_feat_x, st_stairs_5
D:15:     grunt_enter_depths_snipers, layout_rooms,
          hangedman_decor_clover_reticule, led_sif_book, uniq_kirke
Temple:   minmay_temple_bridge_abc
Lair:1:   layout_misc_corridors, portal_ice_cave_entry_imps,
          beast_lair_carwin_11, uniq_grum
Lair:2:   layout_chaotic_city, serial_bayou_shore_a
Lair:3:   layout_cave_pods, minmay_shoals_entry_centaurs,
          nicolae_volcano_entry_s_turn, hangedman_tree_tricks,
          grunt_forest_large_clearings, uniq_nergalle
Lair:4:   layout_loops_ring, spider_nest_entry_a,
          maelrawn_ghost_gauntlet_escape, basic_altar, nicolae_lair_lil_pond,
          beast_lair_carwin_8
Lair:5:   layout_hall_layers, special_room [special_room_mythical_zoo]
Lair:6:   grunt_lair_end_beastmaster, layout_misc_corridors,
          minmay_slime_entry_oklob_open, pond, infiniplex_staircase_pool
Shoals:1: layout_shoals, ldierk_geyser, uniq_roxanne
Shoals:2: layout_shoals, serial_shops, shop
Shoals:3: layout_shoals, st_cyclops, uniq_louise, uniq_mlioglotl
Shoals:4: shoals_end_simple, layout_shoals, nicolae_alphabet_shops
Spider:1: layout_cave_pods, nicolae_spider_paper_wasps
Spider:2: layout_spider_delve, hangedman_spider_tarantella_strand
Spider:3: layout_spider_delve
Orc:1:    layout_caves, roderic_batcave
Orc:2:    st_orc_ogre_mass, layout_diamond_mine, uniq_erolcha, uniq_urug
Elf:1:    layout_loops_ring, hangedman_elf_disciples,
          hellmonk_bongcloud_opening, nicolae_shop_overcharged_wands
Elf:2:    nicolae_elf_blades_crystal_corner, layout_loops_corners, special_room
          [special_room_mythical_zoo], nicolae_elf_glass_and_crystal_pillar_1,
          grunt_ministairs_6, st_stairs_2, billiards_dpeg
Elf:3:    elf_hall, layout_geoelf_octagon

Skill      XL: |  1  2  3  4  5  6  7  8  9 10 11 12 13 14 15 16 17 18 19 |
---------------+----------------------------------------------------------+-----
Fighting       | 4 5 6 8 9 10 12 13 15 16 18 19 20 21 | 21.6
Shields        | 4 5 7 9 11 13 14 16 17 18 19 20 | 20.1
Armour         | 4 5 6 8 9 10 11 12 14 15 16 18 19 | 19.5
Long Blades    | 3 4 5 6 8 10 12 13 15 16 17 18 19 20 21 22 | 22.9
Dodging        | 1 2 3 4 5 6 |  6.5
Stealth        | 1 2 3 4 5 6 |  6.4
Evocations     | 1 |  1.7
Axes           | 1 |  1.7
Invocations    | 1 |  1.2

Action                   |  1- 3 |  4- 6 |  7- 9 | 10-12 | 13-15 | 16-18 | 19-21 || total
-------------------------+-------+-------+-------+-------+-------+-------+-------++-------
Melee: Long sword        |    77 |    81 |    48 |       |       |       |       ||   206
       Headbutt          |    14 |    11 |    45 |   131 |   225 |   345 |   106 ||   877
       Double sword      |       |       |   258 |   431 |   632 |  1066 |   306 ||  2693
       Falchion          |       |       |       |    66 |    88 |       |       ||   154
       War axe           |       |       |       |     6 |       |       |       ||     6
Invok: Heroism           |       |       |       |       |       |     3 |     3 ||     6
Evoke: Wand              |       |       |       |     6 |       |       |     6 ||    12
  Use: Scroll            |     2 |     2 |     6 |     6 |    18 |     7 |     1 ||    42
       Potion            |       |     1 |     1 |     2 |     5 |     3 |     1 ||    13
 Stab: Distracted        |       |       |       |     2 |    13 |    11 |     6 ||    32
       Petrifying        |       |       |       |       |       |     3 |       ||     3
       Petrified         |       |       |       |       |       |     1 |       ||     1
Armor: Scale mail        |    28 |    34 |   118 |       |       |       |       ||   180
       Plate armour      |       |       |     6 |    93 |   312 |   644 |   182 ||  1237
       Chain mail        |       |       |       |    79 |    37 |       |       ||   116
       Crystal plate arm |       |       |       |       |    76 |       |       ||    76
Dodge: Dodged            |    45 |    38 |   110 |   114 |   257 |   456 |   161 ||  1181
Block: Buckler           |    16 |    22 |   101 |   325 |   407 |   621 |   167 ||  1659
       Reflection        |       |       |     2 |    10 |    34 |    53 |     2 ||   101

Table legend: (Time is in decaauts)
 A = Elapsed time spent in this place.
 B = Non-inter-level travel time spent in this place.
 C = Inter-level travel time spent in this place.
 D = Time resting spent in this place.
 E = Time spent auto-exploring this place.
 F = Levels seen in this place.
 G = Mean time per level.
                   A        B        C        D        E       F      G
               +--------+--------+--------+--------+--------+-----+--------+
         Total |  49049 |  45065 |   3984 |   6711 |  27769 |  39 | 1257.7 |
       Dungeon |  18297 |  15751 |   2546 |   1635 |   9988 |  15 | 1219.8 |
        Temple |    186 |    186 |      0 |      0 |    157 |   1 |  186.0 |
          Lair |   8689 |   7774 |    915 |    689 |   5758 |   6 | 1448.2 |
        Shoals |   6805 |   6763 |     42 |    911 |   4573 |   4 | 1701.2 |
   Spider Nest |   2397 |   2376 |     21 |    230 |   1609 |   3 |  799.0 |
  Orcish Mines |   2527 |   2291 |    236 |    401 |   1280 |   2 | 1263.5 |
   Elven Halls |   8223 |   8001 |    222 |   2707 |   3406 |   3 | 2741.0 |
         Sewer |    225 |    225 |      0 |      0 |    154 |   1 |  225.0 |
       Ossuary |    247 |    247 |      0 |      0 |    126 |   1 |  247.0 |
        Bailey |    361 |    361 |      0 |      0 |    183 |   1 |  361.0 |
      Ice Cave |    607 |    607 |      0 |    138 |    236 |   1 |  607.0 |
       Volcano |    480 |    480 |      0 |      0 |    298 |   1 |  480.0 |
               +--------+--------+--------+--------+--------+-----+--------+

Top non-repeatable levels by time:
   Elf:3: 3837 daAuts
   Elf:2: 2719 daAuts
Shoals:4: 2446 daAuts
    D:13: 1979 daAuts
  Lair:6: 1933 daAuts
   Orc:2: 1868 daAuts
  Lair:3: 1850 daAuts
Shoals:3: 1752 daAuts
   Elf:1: 1665 daAuts
     D:3: 1567 daAuts
    D:11: 1457 daAuts
     D:8: 1405 daAuts
Spider:1: 1342 daAuts
  Lair:4: 1333 daAuts
Shoals:2: 1330 daAuts
